 Dungeon Crawl Stone Soup version 0.26.1-11-gd32895ea62 (webtiles) character file.

Game seed: 141203097531023555

4098 Zeld the Cleaver (level 10, -5/84 HPs)
             Began as a Minotaur Berserker on May 25, 2021.
             Was an Elder of Trog.
             Slain by a wyvern (15 damage)
             ... on level 8 of the Dungeon.
             The game lasted 00:08:29 (9638 turns).

Zeld the Cleaver (Minotaur Berserker)               Turns: 9638, Time: 00:08:30

Health: -5/84      AC: 11    Str: 25    XL:     10   Next: 6%
Magic:  9/9        EV:  9    Int:  4    God:    Trog [****..]
Gold:   20         SH:  0    Dex: 10    Spells: 9/9 levels left

rFire    . . .     SeeInvis .   a - +0 hand axe
rCold    . . .     Faith    .   (no shield)
rNeg     . . .     Spirit   .   j - +0 plate armour
rPois    .         Reflect  .   (helmet restricted)
rElec    .         Harm     .   (no cloak)
rCorr    .         Rampage  .   (no gloves)
Will     .....                  (no boots)
Stlth    ..........             (no amulet)
HPRegen  0.24/turn              (no ring)
MPRegen  0.11/turn              (no ring)

@: berserk cooldown, very slightly contaminated, slowed, invisible, very slow
A: retaliatory headbutt, horns 2
a: Renounce Religion, Berserk, Trog's Hand, Brothers in Arms


You were on level 8 of the Dungeon.
You worshipped Trog.
Trog was greatly pleased with you.
You visited 2 branches of the dungeon, and saw 9 of its levels.

You collected 370 gold pieces.
You spent 350 gold pieces at shops.

Inventory:

Hand Weapons
 a - a +0 hand axe (weapon)
Armour
 j - a +0 plate armour (worn)
Jewellery
 f - an uncursed ring of willpower
 h - an uncursed ring of protection from cold
 B - an uncursed ring of protection from fire
Wands
 d - a wand of iceblast (10)
 x - a wand of digging (5)
 A - a wand of disintegration (23)
Scrolls
 k - 2 scrolls of magic mapping
 p - 4 scrolls of remove curse
 r - a scroll of enchant weapon {unknown}
 u - 3 scrolls of amnesia {unknown}
 y - a scroll of random uselessness {unknown}
 D - a scroll of immolation {unknown}
 E - 3 scrolls of fear {unknown}
Potions
 b - a potion of magic {unknown}
 c - 2 potions of attraction {unknown}
 e - a potion of cancellation {unknown}
 g - 4 potions of lignification {unknown}
 i - a potion of haste {unknown}
 l - 2 potions of brilliance {unknown}
 n - 2 potions of degeneration {unknown}
 o - a potion of mutation {unknown}
 s - 4 potions of heal wounds {unknown}
 w - a potion of resistance {unknown}
 z - 4 potions of curing {unknown}
 C - a potion of flight {unknown}


   Skills:
 * Level 6.9 Fighting
 - Level 14.0 Axes
 - Level 2.4 Armour
 * Level 5.7 Dodging
 * Level 4.2 Evocations


You had 9 spell levels left.
You didn't know any spells.
Your spell library was empty.

Dungeon Overview and Level Annotations

Branches:
Dungeon (8/15)             Temple (1/1) D:5            Lair (0/6) D:8

Altars:
Ashenzari
Cheibriados
Dithmenos
Elyvilon
Fedhas
Gozag
Hepliaklqana
Kikubaaqudgha
Makhleb
Nemelex Xobeh
Okawaru
Qazlal
Ru
Sif Muna
Trog
Uskayaw
Vehumet
Wu Jian
Xom
Yredelemnul
Zin
The Shining One

Shops:
D:8 }


Innate Abilities, Weirdness & Mutations

You reflexively headbutt those who attack you in melee.
You have a pair of horns on your head.


Message History

The orc wizard gestures at you while chanting.
The puff of frost hits you but does no damage.
You closely miss the wyvern.
The wyvern is lightly wounded.
You barely miss something. The wyvern bites you. The wyvern bites you!
* * * LOW HITPOINT WARNING * * *
The orc wizard gestures at you while chanting.
The puff of flame hits you!
* * * LOW HITPOINT WARNING * * *
Something hits you but does no damage.
You fade into invisibility!
The wyvern closely misses you.
The orc wizard points at you and mumbles some strange words.
The magic dart hits you but does no damage.
The wyvern bites you but does no damage.
Something hits you but does no damage.
You are very lightly contaminated with residual magic.
You hear some strange, mumbled words.
The wyvern resists with some effort.
The wyvern bites you!
You die...

#..#.......##....###....
##.....................##
#.......#####.....####.##
#.......####.........##...
#.>..#....###...........###.
......##....##.........P...###
..........o.{........>.......#.
.............l)..P.............
.....#.......#@#..P........#...
..............##.........#####
#............####.....### # #
#..........###......### #
##.#......)...# ##.#####
#.......(#....## #.#
##......(##.....# ###
#......(######.## ##.....## #.#


You could see a wyvern and an orc wizard.

Vanquished Creatures
  Maggie (D:6)
  Sigmund (D:2)
  A basilisk (D:8)
  Eustachio (D:5)
  A wyvern (D:8)
  A yak (D:8)
  Grum (D:8)
  2 ice beasts
  3 sky beasts
  3 phantoms
  A black bear (D:8)
  A centaur (D:8)
  2 wolves (D:8)
  5 ogres
  Blork the orc (D:4)
  5 bullfrogs
  A scorpion (D:5)
  4 howler monkeys
  A centaur zombie (D:7)
  4 orc priests (D:6)
  Jessica (D:2)
  2 iguanas
  Terence (D:3)
  5 orc wizards (D:6)
  4 worker ants
  3 hound skeletons
  Robin (D:2)
  A howler monkey skeleton (D:7)
  14 adders
  7 gnolls
  A shadow imp (D:6)
  3 white imps
  An ufetubus (D:6)
  2 oozes
  3 worms
  3 dart slugs
  7 leopard geckos
  10 orcs
  6 ball pythons
  7 bats
  5 giant cockroaches
  13 goblins
  9 hobgoblins
  A jackal (D:4)
  8 kobolds
  3 quokkas
  A ball python skeleton (D:6)
  5 frilled lizards
  2 leopard gecko skeletons
  2 leopard gecko zombies
  9 rats
180 creatures vanquished.

Vanquished Creatures (others)
  An orc (D:8)
1 creature vanquished.

Grand Total: 181 creatures vanquished

Notes
Turn   | Place    | Note
-------+----------+-------------------------------------------
     0 | D:1      | Zeld the Minotaur Berserker began the quest for the Orb.
     0 | D:1      | Reached XP level 1. HP: 19/19 MP: 0/0
    30 | D:1      | Reached skill level 4 in Axes
    31 | D:1      | Reached XP level 2. HP: 18/26 MP: 1/1
  1011 | D:1      | Reached skill level 5 in Axes
  1060 | D:1      | Reached XP level 3. HP: 29/31 MP: 2/2
  1209 | D:2      | Reached ** piety under Trog
  1223 | D:1      | HP: 1/31 [poisoned by an adder]
  1412 | D:2      | Noticed Robin
  1418 | D:2      | Killed Robin
  1419 | D:2      | Reached skill level 6 in Axes
  1419 | D:2      | Reached XP level 4. HP: 39/39 MP: 3/3
  1805 | D:2      | Found a shimmering altar of Xom.
  1920 | D:2      | Noticed Jessica
  1928 | D:2      | Killed Jessica
  1929 | D:2      | Reached skill level 7 in Axes
  1929 | D:2      | Reached XP level 5. HP: 30/45 MP: 4/4
  2130 | D:2      | Noticed Sigmund
  2477 | D:2      | Killed Sigmund
  2478 | D:2      | Reached skill level 8 in Axes
  2478 | D:2      | Reached XP level 6. HP: 32/51 MP: 5/5
  2641 | D:2      | Found a glowing silver altar of Zin.
  2641 | D:2      | Found a shimmering blue altar of Sif Muna.
  2649 | D:2      | Found a blossoming altar of Fedhas.
  2651 | D:2      | Found an iron altar of Okawaru.
  2652 | D:2      | Found a white marble altar of Elyvilon.
  2783 | D:3      | Noticed Terence
  2791 | D:3      | Killed Terence
  2876 | D:3      | Found a burning altar of Makhleb.
  2881 | D:3      | Found a broken altar of Ashenzari.
  2883 | D:3      | Found a stormy altar of Qazlal.
  2884 | D:3      | Reached *** piety under Trog
  3059 | D:3      | Reached skill level 9 in Axes
  3207 | D:3      | Reached XP level 7. HP: 57/57 MP: 6/6
  3683 | D:4      | Noticed Blork the orc
  3703 | D:4      | Killed Blork the orc
  3752 | D:4      | Reached skill level 10 in Axes
  4231 | D:5      | Entered Level 5 of the Dungeon
  4320 | D:5      | Reached skill level 11 in Axes
  4395 | D:5      | Noticed Eustachio
  4449 | D:5      | Killed Eustachio
  4449 | D:5      | Reached **** piety under Trog
  4450 | D:5      | Reached XP level 8. HP: 44/64 MP: 7/7
  4602 | D:5      | Found a snail-covered altar of Cheibriados.
  4727 | D:5      | Found a staircase to the Ecumenical Temple.
  4780 | Temple   | Entered the Ecumenical Temple
  5266 | D:6      | Reached skill level 12 in Axes
  5691 | D:6      | Found a hazy altar of Hepliaklqana.
  5791 | D:6      | Noticed Maggie
  5803 | D:6      | Killed Maggie
  5804 | D:6      | Reached skill level 13 in Axes
  6349 | D:6      | Reached XP level 9. HP: 70/70 MP: 8/8
  6397 | D:6      | Reached skill level 14 in Axes
  6983 | D:6      | Reached skill level 1 in Evocations
  7261 | D:7      | Found a sparkling altar of Nemelex Xobeh.
  8199 | D:8      | Reached skill level 5 in Fighting
  8999 | D:8      | Found Bieb's Gadget Emporium.
  9004 | D:8      | Bought a wand of iceblast (10) for 196 gold pieces
  9004 | D:8      | Bought a wand of disintegration (7) for 154 gold pieces
  9024 | D:8      | Found a staircase to the Lair.
  9024 | D:8      | Noticed an elephant
  9071 | D:8      | Reached skill level 5 in Dodging
  9404 | D:8      | Noticed Grum
  9417 | D:8      | Reached XP level 10. HP: 13/84 MP: 9/9
  9422 | D:8      | Killed Grum
  9638 | D:8      | Slain by a wyvern

Illustrated notes

Levels and vault maps discovered:
D:1:      roderic_dead_forest, layout_rooms, minmay_split_cup_small
D:2:      layout_rooms, xom_butterflies, chequers_temple_overflow_minitemple,
          minmay_crystal_water, uniq_robin, uniq_sigmund, uniq_jessica
D:3:      minmay_recursive_quarters, layout_loops_ring,
          grunt_temple_overflow_open, uniq_terence
D:4:      layout_rooms, uniq_blork_the_orc
D:5:      layout_basic, slow_altar_1, temple_hall_moat, uniq_eustachio
D:6:      layout_basic, lemuel_doored_altar, uniq_maggie
D:7:      layout_basic, basic_altar
D:8:      layout_cave_pools, david_lair_generic, serial_shops,
          kennysheep_little_box, corexii_checkpoint_a, grunt_decor_resistance,
          uniq_grum
Temple:   minmay_freezing_vapour_temple

Skill      XL: |  1  2  3  4  5  6  7  8  9 |
---------------+----------------------------+-----
Axes           | 4 5 6 7 8 9 11 13 14 | 14.0
Fighting       | 6 |  6.9
Evocations     | 4 |  4.2
Dodging        | 5 |  5.7
Armour         | |  2.4

Action                   |  1- 3 |  4- 6 |  7- 9 | 10-12 || total
-------------------------+-------+-------+-------+-------++-------
Melee: Hand axe          |    55 |   132 |   384 |    14 ||   585
       Headbutt          |     6 |    21 |    89 |     3 ||   119
Invok: Berserk           |     4 |     2 |    16 |     2 ||    24
       Trog's Hand       |     1 |       |       |       ||     1
  Use: Scroll            |       |       |     9 |       ||     9
       Potion            |       |       |       |     1 ||     1
Armor: Plate armour      |       |    67 |   169 |    10 ||   246
Dodge: Dodged            |    57 |    58 |   112 |     9 ||   236
